3AAA
BRINKLEY BELUGAS @ AUGUSTA TIMBER HAWKS
07/30/2027
 
TOP OF THE 1ST
Brinkley Belugas batting - Pitching for Augusta Timber Hawks : LHP Drew Cullen
Pitching: LHP Drew Cullen
Batting: RHB Enrico Betancourt 0-0: Ball
1-0: Ball
2-0: Ball
3-0: Called Strike
3-1: Base on Balls
Batting: RHB Jay Kidd 0-0: SINGLE (Line Drive, 78S)
Enrico Betancourt to second
Batting: LHB William O'Keefe 0-0: Ball
1-0: Grounds into double play, 3-6-3 (Groundball, 3)
Enrico Betancourt to third
Batting: RHB Brandon Cole 0-0: Called Strike
0-1: Ball
1-1: Fly out, F7 (Line Drive, 78D)
Top of the 1st over - 0 run(s), 1 hit(s), 0 error(s), 1 left on base; Brinkley 0 - Augusta 0
BOTTOM OF THE 1ST
Augusta Timber Hawks batting - Pitching for Brinkley Belugas : LHP Don Teehan
Pitching: LHP Don Teehan
Batting: LHB José Pérez 0-0: Ball
1-0: Foul Ball, location: 2F
1-1: Ball
2-1: Foul Ball, location: 2F
2-2: SINGLE (Line Drive, 6M)
Batting: SHB Javier Valle 0-0: Foul Ball, location: 2F
0-1: Fly out, F9 (Flyball, 9LMF)
Batting: SHB Galtero Suárez 0-0: Called Strike
José Pérez steals 2nd base
0-1: Ball
1-1: Ball
2-1: SINGLE (Line Drive, 5D)
José Pérez to third
Runner from 3rd tries for Home, SAFE, no throw
Batting: RHB Scott Robertson 0-0: Called Strike
0-1: Swinging Strike
0-2: Ball
1-2: Grounds into double play, 4-6-3 (Groundball, 4)
Bottom of the 1st over - 1 run(s), 2 hit(s), 0 error(s), 0 left on base; Brinkley 0 - Augusta 1
TOP OF THE 2ND
Brinkley Belugas batting - Pitching for Augusta Timber Hawks : LHP Drew Cullen
Batting: LHB Mario Nieves 0-0: Swinging Strike
0-1: Called Strike
0-2: Ground out U3 (Groundball, 3)
Batting: RHB Parker Smith 0-0: Called Strike
0-1: Swinging Strike
0-2: Ball
1-2: Ball
2-2: Foul Ball, location: 2F
2-2: Strikes out swinging
Batting: RHB Henry Cameron 0-0: Ball
1-0: Ball
2-0: Ball
3-0: Called Strike
3-1: Foul Ball, location: 2F
3-2: Foul Ball, location: 2F
3-2: Strikes out looking
Top of the 2nd over - 0 run(s), 0 hit(s), 0 error(s), 0 left on base; Brinkley 0 - Augusta 1
BOTTOM OF THE 2ND
Augusta Timber Hawks batting - Pitching for Brinkley Belugas : LHP Don Teehan
Batting: LHB António Serrano 0-0: Foul Ball, location: 2F
0-1: Ball
1-1: Fly out, F6 (Line Drive, 6)
Batting: RHB Uchino Akahito 0-0: Ball
1-0: Foul Ball, location: 2F
1-1: Swinging Strike
1-2: Fly out, F8 (Flyball, 8RM)
Batting: RHB Jorge López 0-0: Ball
1-0: Ball
2-0: Ground out 6-3 (Groundball, 6)
Bottom of the 2nd over - 0 run(s), 0 hit(s), 0 error(s), 0 left on base; Brinkley 0 - Augusta 1
TOP OF THE 3RD
Brinkley Belugas batting - Pitching for Augusta Timber Hawks : LHP Drew Cullen
Batting: RHB Leo Cadden 0-0: Ground out 5-3 (Groundball, 56)
Batting: LHB Natale Langushi 0-0: Ball
1-0: DOUBLE (Flyball, 78M)
Batting: RHB Enrico Betancourt 0-0: Ball
1-0: Fly out, F5 (Line Drive, 56)
Lined into DP, 5-4 (Line Drive, 56)
Top of the 3rd over - 0 run(s), 1 hit(s), 0 error(s), 0 left on base; Brinkley 0 - Augusta 1
BOTTOM OF THE 3RD
Augusta Timber Hawks batting - Pitching for Brinkley Belugas : LHP Don Teehan
Batting: RHB D.C. Aiken 0-0: Ball
1-0: Ground out 6-3 (Groundball, 6)
Batting: RHB Ramón Cabral 0-0: Swinging Strike
0-1: Ground out 6-3 (Groundball, 6)
Batting: LHB José Pérez 0-0: SINGLE (Groundball, 6MD)
Batting: SHB Javier Valle 0-0: Ball
José Pérez steals 2nd base
1-0: Ball
2-0: Ball
3-0: Base on Balls
Batting: SHB Galtero Suárez 0-0: Ball
1-0: Ball
2-0: Ball
3-0: Base on Balls
José Pérez to third
Javier Valle to second
Batting: RHB Scott Robertson 0-0: Called Strike
0-1: Ball
1-1: Foul Ball, location: 2F
1-2: Ball
2-2: Foul Ball, location: 2F
2-2: SINGLE (Flyball, 9LS)
José Pérez scores
Javier Valle to third
Galtero Suárez to second
Runner from 3rd tries for Home, SAFE, no throw
Batting: LHB António Serrano 0-0: Fly out, F9 (Flyball, 9D)
Bottom of the 3rd over - 2 run(s), 2 hit(s), 0 error(s), 2 left on base; Brinkley 0 - Augusta 3
TOP OF THE 4TH
Brinkley Belugas batting - Pitching for Augusta Timber Hawks : LHP Drew Cullen
Batting: RHB Jay Kidd 0-0: Ball
1-0: Called Strike
1-1: Ball
2-1: Ball
3-1: Foul Ball, location: 2F
3-2: Foul Ball, location: 2F
3-2: Foul Ball, location: 2F
3-2: Foul Ball, location: 2F
3-2: Ground out 4-3 (Groundball, 4)
Batting: LHB William O'Keefe 0-0: Ball
1-0: Ball
2-0: Ball
3-0: Base on Balls
Batting: RHB Brandon Cole 0-0: Called Strike
0-1: Foul Ball, location: 2F
0-2: Ball
1-2: Foul Ball, location: 2F
1-2: Fly out, F1 (Line Drive, 15)
Batting: LHB Mario Nieves 0-0: Ball
1-0: Foul Ball, location: 2F
1-1: Swinging Strike
1-2: Fly out, F8 (Flyball, 8RD)
Top of the 4th over - 0 run(s), 0 hit(s), 0 error(s), 1 left on base; Brinkley 0 - Augusta 3
BOTTOM OF THE 4TH
Augusta Timber Hawks batting - Pitching for Brinkley Belugas : LHP Don Teehan
Batting: RHB Uchino Akahito 0-0: Foul Ball, location: 2F
0-1: Ball
1-1: Fly out, F2 (Popup, 23)
Batting: RHB Jorge López 0-0: Ball
1-0: Fly out, F6 (Line Drive, 6M)
Batting: RHB D.C. Aiken 0-0: Ball
1-0: Ball
2-0: Called Strike
2-1: Called Strike
2-2: Ball
3-2: Foul Ball, location: 2F
3-2: Foul Ball, location: 2F
3-2: SINGLE (Line Drive, 7S)
Batting: RHB Ramón Cabral 0-0: Ball
1-0: Called Strike
1-1: Ball
2-1: Ground out 5-3 (Groundball, 56S)
Bottom of the 4th over - 0 run(s), 1 hit(s), 0 error(s), 1 left on base; Brinkley 0 - Augusta 3
TOP OF THE 5TH
Brinkley Belugas batting - Pitching for Augusta Timber Hawks : LHP Drew Cullen
Batting: RHB Parker Smith 0-0: Called Strike
0-1: Ball
1-1: Ball
2-1: Called Strike
2-2: Foul Ball, location: 2F
2-2: SINGLE (Line Drive, 8LS)
Batting: RHB Henry Cameron 0-0: Ball
1-0: Foul Ball, location: 2F
1-1: Called Strike
1-2: Foul Ball, location: 2F
1-2: Grounds into double play, 6-4-3 (Groundball, 6)
Batting: RHB Leo Cadden 0-0: Swinging Strike
0-1: Foul Ball, location: 2F
0-2: Ball
1-2: Strikes out swinging
Top of the 5th over - 0 run(s), 1 hit(s), 0 error(s), 0 left on base; Brinkley 0 - Augusta 3
BOTTOM OF THE 5TH
Augusta Timber Hawks batting - Pitching for Brinkley Belugas : LHP Don Teehan
Batting: LHB José Pérez 0-0: Foul Ball, location: 2F
0-1: Foul Ball, location: 2F
0-2: Ground out 4-3 (Groundball, 4)
Batting: SHB Javier Valle 0-0: Ball
1-0: Ball
2-0: Ball
3-0: Base on Balls
Batting: SHB Galtero Suárez 0-0: Ball
1-0: Called Strike
1-1: Ball
2-1: Called Strike
2-2: Ball
3-2: Strikes out swinging
Batting: RHB Scott Robertson 0-0: Called Strike
Javier Valle steals 2nd base
0-1: Fly out, F2 (Popup, 34S)
Bottom of the 5th over - 0 run(s), 0 hit(s), 0 error(s), 1 left on base; Brinkley 0 - Augusta 3
TOP OF THE 6TH
Brinkley Belugas batting - Pitching for Augusta Timber Hawks : LHP Drew Cullen
Batting: LHB Natale Langushi 0-0: Ball
1-0: Fly out, F6 (Flyball, 56D)
Batting: RHB Enrico Betancourt 0-0: Called Strike
0-1: Foul Ball, location: 2F
0-2: Strikes out swinging
Batting: RHB Jay Kidd 0-0: Ball
1-0: Ball
2-0: Called Strike
2-1: Ball
3-1: Ground out 4-3 (Groundball, 4)
Top of the 6th over - 0 run(s), 0 hit(s), 0 error(s), 0 left on base; Brinkley 0 - Augusta 3
BOTTOM OF THE 6TH
Augusta Timber Hawks batting - Pitching for Brinkley Belugas : LHP Don Teehan
Batting: LHB António Serrano 0-0: Called Strike
0-1: Ball
1-1: Ball
2-1: Ball
3-1: Base on Balls
Batting: RHB Uchino Akahito 0-0: Swinging Strike
0-1: Ball
1-1: Ball
2-1: Sac Bunt - play at first, batter OUT! 1-3
António Serrano to second
Batting: RHB Jorge López 0-0: Ball
António Serrano steals 3rd base
1-0: Called Strike
1-1: Swinging Strike
1-2: Ball
2-2: Strikes out swinging
Batting: RHB D.C. Aiken 0-0: Ball
1-0: Called Strike
1-1: Called Strike
1-2: Strikes out swinging
Bottom of the 6th over - 0 run(s), 0 hit(s), 0 error(s), 1 left on base; Brinkley 0 - Augusta 3
TOP OF THE 7TH
Brinkley Belugas batting - Pitching for Augusta Timber Hawks : LHP Drew Cullen
Batting: LHB William O'Keefe 0-0: Fly out, F8 (Flyball, 8RD)
Batting: RHB Brandon Cole 0-0: Ball
1-0: Hit by Pitch
Batting: LHB Mario Nieves 0-0: Called Strike
0-1: Foul Ball, location: 2F
0-2: Foul Ball, location: 2F
0-2: DOUBLE (Line Drive, 9D)
Brandon Cole to third
Batting: RHB Parker Smith 0-0: Ball
1-0: Ball
2-0: Swinging Strike
2-1: Foul Ball, location: 2F
2-2: Ground out 5-3 (Groundball, 5L)
Batting: RHB Henry Cameron 0-0: Foul Ball, location: 2F
0-1: Ball
1-1: Ball
2-1: Ball
3-1: 3-RUN HOME RUN (Flyball, 7D), Distance : 419 ft
Batting: RHB Leo Cadden 0-0: TRIPLE (Line Drive, 9LM)
Batting: LHB Natale Langushi 0-0: Foul Ball, location: 2F
0-1: Ball
1-1: Ball
2-1: Foul Ball, location: 2F
2-2: Ball
3-2: Ground out 6-3 (Groundball, 6)
Top of the 7th over - 3 run(s), 3 hit(s), 0 error(s), 1 left on base; Brinkley 3 - Augusta 3
BOTTOM OF THE 7TH
Augusta Timber Hawks batting - Pitching for Brinkley Belugas : LHP Don Teehan
Batting: RHB Ramón Cabral 0-0: Ground out 6-3 (Groundball, 6)
Batting: LHB José Pérez 0-0: Ball
1-0: Swinging Strike
1-1: Ball
2-1: Called Strike
2-2: Ground out 4-3 (Groundball, 4)
Pinch Hitting: RHB Claudio Mendoza 0-0: Ball
1-0: Ball
2-0: Ball
3-0: Base on Balls
Batting: SHB Galtero Suárez 0-0: Ball
1-0: Swinging Strike
1-1: Called Strike
1-2: Strikes out swinging
Bottom of the 7th over - 0 run(s), 0 hit(s), 0 error(s), 1 left on base; Brinkley 3 - Augusta 3
TOP OF THE 8TH
Brinkley Belugas batting - Pitching for Augusta Timber Hawks : LHP Drew Cullen
Pitching: RHP Ángel Gómez
Now at 2B: Claudio Mendoza
Pinch Hitting: RHB Steve Jones 0-0: Ball
1-0: Swinging Strike
1-1: Fly out, F9 (Flyball, 9)
Pinch Hitting: LHB Marcos Deleón 0-0: Called Strike
0-1: Called Strike
0-2: Strikes out swinging
Batting: LHB William O'Keefe 0-0: Swinging Strike
0-1: Ball
1-1: Ball
2-1: Swinging Strike
2-2: Foul Ball, location: 2F
2-2: Strikes out swinging
Top of the 8th over - 0 run(s), 0 hit(s), 0 error(s), 0 left on base; Brinkley 3 - Augusta 3
BOTTOM OF THE 8TH
Augusta Timber Hawks batting - Pitching for Brinkley Belugas : LHP Don Teehan
Pitching: RHP Jim Unknown
Now at 2B: Shawn Hicks
Now in LF: Steve Jones
Pinch Hitting: RHB Luis Tapia 0-0: Called Strike
0-1: Foul Ball, location: 2F
0-2: Strikes out swinging
Batting: LHB António Serrano 0-0: Swinging Strike
0-1: Ball
1-1: Called Strike
1-2: Ball
2-2: Foul Ball, location: 2F
2-2: Ball
3-2: Base on Balls
Batting: RHB Uchino Akahito 0-0: Foul Ball, location: 2F
0-1: Ball
António Serrano steals 2nd base
1-1: Ball
2-1: Foul Ball, location: 2F
2-2: Ball
3-2: Foul Ball, location: 2F
3-2: Fly out, F8 (Flyball, 8LM)
Pinch Hitting: LHB Willie Brown 0-0: Intentional Walk
Pinch Hitting: LHB Dinis Marcha 0-0: Ball
1-0: Ball
2-0: Called Strike
2-1: Swinging Strike
2-2: Ground out 1-3 (Groundball, 15S)
Bottom of the 8th over - 0 run(s), 0 hit(s), 0 error(s), 2 left on base; Brinkley 3 - Augusta 3
TOP OF THE 9TH
Brinkley Belugas batting - Pitching for Augusta Timber Hawks : RHP Ángel Gómez
Pitching: RHP Dino Moonglampers
Now at 1B: Luis Tapia
Now at SS: Manuel González
Now in RF: Willie Brown
Batting: RHB Brandon Cole 0-0: Foul Ball, location: 2F
0-1: Ball
1-1: Called Strike
1-2: Strikes out looking
Pinch Hitting: LHB Mike Cook 0-0: SINGLE (Line Drive, 56)
Batting: RHB Parker Smith 0-0: Ball
1-0: Called Strike
1-1: Ball
2-1: Foul Ball, location: 2F
2-2: Strikes out swinging
Batting: RHB Henry Cameron 0-0: Swinging Strike
0-1: Swinging Strike
0-2: Fly out, F8 (Flyball, 8LD)
Top of the 9th over - 0 run(s), 1 hit(s), 0 error(s), 1 left on base; Brinkley 3 - Augusta 3
BOTTOM OF THE 9TH
Augusta Timber Hawks batting - Pitching for Brinkley Belugas : RHP Jim Unknown
Pitching: LHP Ramón García
Now at 1B: Mike Cook
Batting: RHB Ramón Cabral 0-0: Ball
1-0: Ball
2-0: TRIPLE (Flyball, 8LXD)
Batting: LHB José Pérez 0-0: Ball
1-0: Called Strike
1-1: Ball
2-1: Ball
3-1: Foul Ball, location: 2F
3-2: Ground out 6-3 (Groundball, 6)
Batting: RHB Claudio Mendoza 0-0: Intentional Walk
Batting: SHB Galtero Suárez 0-0: Foul Ball, location: 2F
0-1: Foul Ball, location: 2F
0-2: Ball
1-2: Strikes out swinging
Batting: RHB Luis Tapia 0-0: Called Strike
0-1: Foul Ball, location: 2F
0-2: Ball
1-2: Fielders Choice at 2nd, 6-4 (Groundball, 6)
Bottom of the 9th over - 0 run(s), 1 hit(s), 0 error(s), 1 left on base; Brinkley 3 - Augusta 3
TOP OF THE 10TH
Brinkley Belugas batting - Pitching for Augusta Timber Hawks : RHP Dino Moonglampers
Pinch Hitting: LHB Eric Porter 0-0: Ball
1-0: Foul Ball, location: 2F
1-1: Fly out, F2 (Popup, 5S)
Batting: LHB Natale Langushi 0-0: Ball
1-0: Called Strike
1-1: Foul Ball, location: 2F
1-2: DOUBLE (Flyball, 78D)
Pinch Hitting: LHB Ubbe van Antwerpen 0-0: Ball
1-0: Foul Ball, location: 2F
1-1: Fly out, F9 (Flyball, 9)
Batting: RHB Shawn Hicks 0-0: Ball
1-0: Ground out 6-3 (Groundball, 6)
Top of the 10th over - 0 run(s), 1 hit(s), 0 error(s), 1 left on base; Brinkley 3 - Augusta 3
BOTTOM OF THE 10TH
Augusta Timber Hawks batting - Pitching for Brinkley Belugas : LHP Ramón García
Now in LF: Kelly Harris
Now in CF: Randy Tucker
Pinch Hitting: RHB Pedro Jiménez 0-0: Ball
1-0: Ball
2-0: Ball
3-0: Called Strike
3-1: Called Strike
3-2: Foul Ball, location: 2F
3-2: SINGLE (Flyball, 9LM)
Batting: RHB Uchino Akahito 0-0: Called Strike
0-1: Ball
1-1: Called Strike
1-2: Foul Ball, location: 2F
1-2: Foul Ball, location: 2F
1-2: Ball
2-2: Grounds into double play, 5-4-3 (Groundball, 56)
Pinch Hitting: RHB Victorino Navarro 0-0: Ball
1-0: Ground out 4-3 (Groundball, 4)
Bottom of the 10th over - 0 run(s), 1 hit(s), 0 error(s), 0 left on base; Brinkley 3 - Augusta 3
TOP OF THE 11TH
Brinkley Belugas batting - Pitching for Augusta Timber Hawks : RHP Dino Moonglampers
Pitching: LHP Scott Kerin
Now at 2B: Pedro Jiménez
Now in RF: Jim Unknown
Batting: LHB William O'Keefe 0-0: Called Strike
0-1: Ball
1-1: Foul Ball, location: 2F
1-2: Foul Ball, location: 2F
1-2: Foul Ball, location: 2F
1-2: Foul Ball, location: 2F
1-2: Foul Ball, location: 2F
1-2: SINGLE (Line Drive, 89M)
Batting: RHB Brandon Cole 0-0: Called Strike
0-1: Fly out, F6 (Popup, 6)
Batting: LHB Mike Cook 0-0: Foul Ball, location: 2F
0-1: Ball
1-1: Ball
2-1: Foul Ball, location: 2F
2-2: Ball
3-2: SINGLE (Line Drive, 9LS)
William O'Keefe to second
Batting: RHB Parker Smith 0-0: Ball
1-0: Ball
2-0: Called Strike
2-1: Swinging Strike
2-2: Foul Ball, location: 2F
2-2: Strikes out swinging
Pitching: RHP Preston Vick
Batting: RHB Henry Cameron 0-0: Foul Ball, location: 2F
0-1: Fly out, F9 (Flyball, 89S)
Top of the 11th over - 0 run(s), 2 hit(s), 0 error(s), 2 left on base; Brinkley 3 - Augusta 3
BOTTOM OF THE 11TH
Augusta Timber Hawks batting - Pitching for Brinkley Belugas : LHP Ramón García
Pitching: RHP Jim Unknown
Batting: SHB Manuel González 0-0: Called Strike
0-1: Ball
1-1: Ball
2-1: Called Strike
2-2: Ground out U3 (Groundball, 3)
Batting: RHB Ramón Cabral 0-0: Swinging Strike
0-1: Ball
1-1: Foul Ball, location: 2F
1-2: Foul Ball, location: 2F
1-2: Ball
2-2: Strikes out swinging
Batting: LHB José Pérez 0-0: Ball
1-0: Foul Ball, location: 2F
1-1: Foul Ball, location: 2F
1-2: Strikes out swinging
Bottom of the 11th over - 0 run(s), 0 hit(s), 0 error(s), 0 left on base; Brinkley 3 - Augusta 3
TOP OF THE 12TH
Brinkley Belugas batting - Pitching for Augusta Timber Hawks : RHP Preston Vick
Batting: RHB Randy Tucker 0-0: Ball
1-0: Called Strike
1-1: Called Strike
1-2: Ball
2-2: Ball
3-2: Foul Ball, location: 2F
3-2: DOUBLE (Line Drive, 7LM)
Batting: LHB Natale Langushi 0-0: Called Strike
0-1: Ball
1-1: Foul Ball, location: 2F
1-2: Foul Ball, location: 2F
1-2: Ball
2-2: Ball
3-2: Fly out, F6 (Popup, 56D)
Batting: RHB Kelly Harris 0-0: Called Strike
0-1: Foul Ball, location: 2F
0-2: Strikes out looking
Batting: RHB Shawn Hicks 0-0: Ground out 6-3 (Groundball, 6)
Top of the 12th over - 0 run(s), 1 hit(s), 0 error(s), 1 left on base; Brinkley 3 - Augusta 3
BOTTOM OF THE 12TH
Augusta Timber Hawks batting - Pitching for Brinkley Belugas : RHP Jim Unknown
Batting: RHB Claudio Mendoza 0-0: Foul Ball, location: 2F
0-1: Ball
1-1: Foul Ball, location: 2F
1-2: Foul Ball, location: 2F
1-2: Foul Ball, location: 2F
1-2: Fly out, F9 (Flyball, 9LM)
Batting: SHB Galtero Suárez 0-0: Foul Ball, location: 2F
0-1: SINGLE (Line Drive, 8LS)
Batting: RHB Luis Tapia 0-0: Called Strike
0-1: Ball
1-1: Foul Ball, location: 2F
1-2: Fly out, F7 (Flyball, 7D)
Batting: RHB Pedro Jiménez 0-0: Called Strike
0-1: Foul Ball, location: 2F
0-2: Strikes out swinging
Bottom of the 12th over - 0 run(s), 1 hit(s), 0 error(s), 1 left on base; Brinkley 3 - Augusta 3
TOP OF THE 13TH
Brinkley Belugas batting - Pitching for Augusta Timber Hawks : RHP Preston Vick
Batting: LHB William O'Keefe 0-0: Ball
1-0: Ball
2-0: Called Strike
2-1: Ball
3-1: Foul Ball, location: 2F
3-2: Ground out 6-3 (Groundball, 6S)
Batting: RHB Brandon Cole 0-0: Fly out, F8 (Flyball, 8RM)
Batting: LHB Mike Cook 0-0: Ball
1-0: Ball
2-0: Ball
3-0: Base on Balls
Batting: RHB Parker Smith 0-0: Ball
1-0: SINGLE (Line Drive, 9LM)
Mike Cook to second
Batting: RHB Henry Cameron 0-0: Ball
1-0: Foul Ball, location: 2F
1-1: Fly out, F8 (Flyball, 8LM)
Top of the 13th over - 0 run(s), 1 hit(s), 0 error(s), 2 left on base; Brinkley 3 - Augusta 3
BOTTOM OF THE 13TH
Augusta Timber Hawks batting - Pitching for Brinkley Belugas : RHP Jim Unknown
Pitching: RHP Enrique García
Batting: RHB Uchino Akahito 0-0: Fly out, F7 (Flyball, 7)
Batting: SHB Jim Unknown 0-0: Called Strike
0-1: Foul Ball, location: 2F
0-2: Ball
1-2: Strikes out swinging
Batting: SHB Manuel González 0-0: Foul Ball, location: 2F
0-1: Called Strike
0-2: Ball
1-2: Ball
2-2: Ball
3-2: Base on Balls
Batting: RHB Ramón Cabral 0-0: Ball
1-0: Called Strike
1-1: Fly out, F5 (Line Drive, 5S)
Bottom of the 13th over - 0 run(s), 0 hit(s), 0 error(s), 1 left on base; Brinkley 3 - Augusta 3
TOP OF THE 14TH
Brinkley Belugas batting - Pitching for Augusta Timber Hawks : RHP Preston Vick
Batting: RHB Randy Tucker 0-0: Called Strike
0-1: Foul Ball, location: 2F
0-2: Reached on error, E5 (Groundball, 5S)
Batting: LHB Natale Langushi 0-0: Ball
1-0: Foul Ball, location: 2F
1-1: Swinging Strike
1-2: Foul Ball, location: 2F
1-2: Fly out, F7 (Flyball, 7)
Batting: RHB Kelly Harris 0-0: Ball
1-0: Foul Ball, location: 2F
1-1: Called Strike
1-2: Ball
2-2: Ball
3-2: SINGLE (Line Drive, 8LM)
Randy Tucker to third
Batting: RHB Shawn Hicks 0-0: Ball
1-0: Called Strike
1-1: Ball
2-1: SINGLE (Groundball, 34D)
Randy Tucker scores
Kelly Harris to second
Runner from 2nd tries for 3rd, SAFE, no throw
Pitching: RHP Esteban Marino
Batting: LHB William O'Keefe 0-0: Ball
1-0: DOUBLE (Groundball, 3D)
Kelly Harris scores
Shawn Hicks to third
Runner from 3rd tries for Home, SAFE, throw made home
Batting: RHB Brandon Cole 0-0: Ball
1-0: Ball
2-0: Ball
3-0: Base on Balls
Batting: LHB Mike Cook 0-0: Called Strike
0-1: Foul Ball, location: 2F
0-2: Ball
1-2: Strikes out swinging
Batting: RHB Parker Smith 0-0: Foul Ball, location: 2F
0-1: Ball
1-1: Ball
2-1: Fielders Choice at 2nd, 6-4 (Groundball, 6)
Top of the 14th over - 3 run(s), 3 hit(s), 1 error(s), 1 left on base; Brinkley 6 - Augusta 3
BOTTOM OF THE 14TH
Augusta Timber Hawks batting - Pitching for Brinkley Belugas : RHP Enrique García
Batting: LHB José Pérez 0-0: Foul Ball, location: 2F
0-1: SINGLE (Groundball, 4MD)
Batting: RHB Claudio Mendoza 0-0: Called Strike
0-1: Swinging Strike
0-2: Ball
1-2: Strikes out swinging
Batting: SHB Galtero Suárez 0-0: Called Strike
0-1: Foul Ball, location: 2F
0-2: Strikes out swinging
Batting: RHB Luis Tapia 0-0: Fly out, F8 (Flyball, 8LS)
Bottom of the 14th over - 0 run(s), 1 hit(s), 0 error(s), 1 left on base; Brinkley 6 - Augusta 3
Saturday, May 26th, 2018 - OOTP Baseball 17.12 Build 75